AoeStats
← Josu Stark

Black Forest

510329933Analyzed
4v4 RM · 3d ago on Sep 30, 2026· 45m 9s· 8 players
Game mode
Random Map
Map size
Large (8 player)
Population
200
Speed
Normal
Resources
Standard
Victory
Conquest
Starting age
Dark Age
Ending age
Imperial Age
RankedLock teamsTeams togetherTeam positionsShared explorationLock speedFull tech treeHidden civsTurbo modeCheats
Victory
Defeat
🇨🇭 Gurjaras · Switzerland
1769
+12
🇩🇪 Dravidians · Germany
1647
+17
🇷🇴 Burmese · Romania
1646
+17
🇵🇱 Portuguese · Poland
1616
+18
🇩🇪 Vikings · Germany
1742
-18
🇮🇳 Malay · India
1694
-17
🇨🇳 Teutons · China
1643
-15
🇪🇸 Bohemians · Spain
1628
-14
kerwin
0:36 Loom
11:20 Feudal Age
16:51 Castle Age
15:03 Double-Bit Axe
15:37 Horse Collar
17:11 Wheelbarrow
17:27 Bow Saw
22:02 Heavy Plow
24:29 Gold Mining
24:29 Stone Mining
30:12 Imperial Age
27:55 Fletching
28:06 Padded Archer Armor
28:29 Ballistics
28:55 Gold Shaft Mining
28:06 Crossbowman
29:18 Hand Cart
29:39 Stone Shaft Mining
29:02 Town Watch
30:49 Chemistry
30:30 Bodkin Arrow
30:51 Leather Archer Armor
30:39 Caravan
30:47 Arbalester
32:42 Coinage
32:50 Crop Rotation
32:46 Thumb Ring
33:10 Conscription
32:59 Bracer
34:43 Banking
35:07 Town Patrol
34:59 Man-at-Arms
35:39 Squires
35:25 Arson
36:12 Ring Archer Armor
36:15 Forced Levy
35:37 Long Swordsman
38:25 Two-Handed Swordsman
38:26 Pikeman
39:31 Halberdier
42:01 Masonry
41:46 Murder Holes
Josu Stark
11:08 Feudal Age
12:01 Double-Bit Axe
14:49 Castle Age
16:38 Bow Saw
16:11 Horse Collar
17:21 Heavy Plow
17:10 Loom
21:25 Wheelbarrow
20:44 Town Watch
26:49 Hand Cart
29:59 Imperial Age
28:10 Wagenburg Tactics
28:29 Fervor
27:59 Pikeman
28:39 Squires
28:24 Arson
28:45 Scale Mail Armor
30:00 Chain Mail Armor
29:56 Forging
30:49 Chemistry
30:10 Ballistics
30:00 Masonry
29:45 Murder Holes
30:21 Fletching
30:04 Halberdier
31:16 Plate Mail Armor
31:25 Iron Casting
32:04 Conscription
31:43 Fletching
32:01 Siege Engineers
31:48 Houfnice
33:54 Blast Furnace
32:49 Bodkin Arrow
33:12 Caravan
33:44 Bracer
34:28 Architecture
35:10 Guilds
35:30 Coinage
35:11 Man-at-Arms
36:57 Two-Man Saw
36:24 Sanctity
35:54 Long Swordsman
37:56 Two-Handed Swordsman
38:55 Champion
41:27 Murder Holes
43:22 Banking
43:30 Fortified Wall
BF_Xin
11:17 Feudal Age
11:46 Double-Bit Axe
14:52 Castle Age
13:02 Horse Collar
15:48 Bow Saw
15:38 Heavy Plow
23:55 Gold Mining
25:13 Stone Mining
28:51 Imperial Age
26:58 Gold Shaft Mining
26:50 Scale Mail Armor
27:00 Forging
27:48 Chain Mail Armor
28:24 Squires
28:10 Arson
29:24 Iron Casting
29:05 Capped Ram
30:06 Conscription
29:08 Elite Berserk
30:26 Plate Mail Armor
30:02 Chieftains
31:32 Blast Furnace
30:39 Siege Ram
34:22 Onager
37:12 Chemistry
39:14 Fletching
39:25 Padded Archer Armor
39:05 Elite Skirmisher
40:09 Bodkin Arrow
40:55 Ballistics
41:14 Leather Archer Armor
42:15 Bracer
42:46 Ring Archer Armor
胖子事情多
6:43 Loom
9:08 Feudal Age
9:20 Man-at-Arms
14:20 Double-Bit Axe
14:41 Horse Collar
21:22 Castle Age
20:04 Stone Mining
20:05 Gold Mining
22:13 Wheelbarrow
21:26 Town Watch
22:16 Wheelbarrow
24:07 Bow Saw
27:55 Hand Cart
32:53 Imperial Age
32:36 Ironclad
33:04 Heavy Plow
33:37 Masonry
33:14 Onager
34:56 Chemistry
35:01 Siege Engineers
34:49 Pikeman
35:30 Squires
35:01 Siege Onager
37:07 Bombard Tower
37:36 Fletching
39:42 Bodkin Arrow
42:20 Scale Barding Armor
42:39 Cavalier
43:41 Chain Barding Armor
[BÜN] Mr. Grüezi
5:49 Loom
12:13 Feudal Age
13:37 Town Watch
13:40 Double-Bit Axe
13:39 Horse Collar
18:54 Castle Age
17:10 Stone Mining
20:16 Wheelbarrow
19:57 Bow Saw
24:41 Heavy Plow
24:48 Gold Mining
26:59 Hand Cart
30:33 Imperial Age
29:01 Ballistics
28:55 Caravan
28:56 Fletching
29:07 Padded Archer Armor
29:40 Bodkin Arrow
30:11 Kshatriyas
30:34 Thumb Ring
31:16 Leather Archer Armor
32:22 Chemistry
31:03 Treadmill Crane
31:29 Bracer
31:51 Bloodlines
31:42 Husbandry
32:12 Conscription
32:01 Elite Elephant Archer
33:03 Light Cavalry
33:56 Masonry
33:42 Murder Holes
35:08 Scale Barding Armor
35:13 Forging
36:41 Crop Rotation
40:27 Frontier Guards
42:53 Town Patrol
46:09 Hoardings
RoU_MaNiA
10:06 Feudal Age
14:23 Castle Age
12:58 Horse Collar
21:16 Wheelbarrow
21:21 Heavy Plow
22:55 Gold Mining
23:00 Stone Mining
24:03 Loom
25:02 Gold Shaft Mining
28:45 Imperial Age
26:34 Town Watch
27:54 Hand Cart
27:46 Scale Mail Armor
27:57 Forging
27:37 Fletching
28:08 Scale Barding Armor
28:51 Caravan
29:44 Iron Casting
28:52 Onager
29:07 Pikeman
29:48 Squires
29:54 Halberdier
31:01 Conscription
32:05 Chain Mail Armor
32:50 Blast Furnace
33:12 Plate Mail Armor
33:15 Coinage
33:46 Chemistry
32:33 Gambesons
32:11 Man-at-Arms
32:37 Arson
33:20 Siege Engineers
33:47 Guilds
34:33 Banking
35:11 Crop Rotation
34:44 Padded Archer Armor
34:34 Fletching
34:59 Town Patrol
35:05 Long Swordsman
36:07 Chain Barding Armor
35:50 Howdah
35:51 Manipur Cavalry
35:11 Elite Arambai
37:13 Bloodlines
37:04 Husbandry
36:24 Elite Battle Elephant
37:40 Plate Barding Armor
36:45 Two-Handed Swordsman
38:24 Guard Tower
38:55 Ballistics
38:31 Bodkin Arrow
40:58 Champion
43:06 Keep
42:51 Bracer
45:03 Murder Holes
45:19 Masonry
44:50 Treadmill Crane
ForeveR
10:27 Feudal Age
15:02 Castle Age
13:11 Double-Bit Axe
13:45 Horse Collar
16:44 Bow Saw
17:14 Heavy Plow
18:37 Fletching
24:31 Wheelbarrow
23:41 Loom
24:36 Gold Mining
24:36 Stone Mining
27:08 Stone Shaft Mining
29:41 Imperial Age
28:41 Stone Shaft Mining
28:47 Caravan
29:40 Hand Cart
29:10 Town Watch
30:31 Ballistics
30:08 Bodkin Arrow
31:27 Chemistry
30:48 Ballistics
31:54 Crop Rotation
32:08 Arquebus
32:28 Conscription
33:11 Siege Engineers
33:50 Elite Organ Gun
37:41 Two-Man Saw
Veni Vidi Elmo
0:49 Loom
10:50 Feudal Age
14:22 Castle Age
12:21 Double-Bit Axe
12:37 Horse Collar
14:04 Town Watch
15:28 Bow Saw
19:59 Wheelbarrow
21:39 Gold Mining
24:07 Hand Cart
23:57 Stone Mining
24:09 Heavy Plow
28:31 Imperial Age
26:07 Fletching
26:59 Bodkin Arrow
27:30 Caravan
27:33 Padded Archer Armor
28:59 Leather Archer Armor
30:16 Two-Man Saw
30:24 Chemistry
30:01 Conscription
29:53 Medical Corps
29:56 Thumb Ring
30:03 Elite Elephant Archer
31:12 Bracer
32:18 Ring Archer Armor
32:17 Husbandry
33:30 Ballistics
34:19 Fortified Wall
34:39 Guilds
35:01 Coinage
34:55 Devotion
37:04 Town Patrol
39:09 Scale Barding Armor
41:20 Banking
46:07 Chain Barding Armor
Connection lost

Rejoining the realm…

Still unreachable

The connection could not be restored.

Session expired

The server has moved on; the page needs a fresh start.